 Dungeon Crawl Stone Soup version 0.20.1-1-g8b1a95d (webtiles) character file.

459 troglodite the Skirmisher (level 6, -2/72 HPs)
             Began as a Demonspawn Berserker on Dec 11, 2017.
             Was a Believer of Trog.
             Slain by Grinder (6 damage)
             ... on level 5 of the Dungeon.
             The game lasted 00:17:29 (4887 turns).

troglodite the Skirmisher (Demonspawn Berserker)    Turns: 4887, Time: 00:17:30

Health: -2/72      AC:  8    Str: 23    XL:     6   Next: 78%
Magic:  6/6        EV: 13    Int:  8    God:    Trog [**....]
Gold:   243        SH:  0    Dex: 14    Spells: 5/5 levels left

rFire    + . .     SeeInvis .   y - +3 quarterstaff (chaos)
rCold    . . .     Gourm    .   (shield currently unavailable)
rNeg     . . .     Faith    .   h - +0 ring mail
rPois    .         Spirit   .   (helmet restricted)
rElec    .         Reflect  .   v - +1 cloak
rCorr    .         Harm     .   (no gloves)
MR       .....                  (no boots)
Stlth    ..........             (no amulet)
Regen    0.3/turn               o - ring of protection from fire
MPRegen  0.1/turn               (no ring)

@: berserking (expiring), very quick
A: antennae 1, powered by pain 1, sturdy frame 1
a: Berserk, Trog's Hand, Burn Spellbooks, Renounce Religion


You were on level 5 of the Dungeon.
You worshipped Trog.
Trog was pleased with you.
You were very hungry.

You visited 1 branch of the dungeon, and saw 5 of its levels.

You collected 243 gold pieces.

Inventory:

Hand Weapons
 a - a +0 falchion
 y - a +3 quarterstaff of chaos (weapon)
Armour
 h - a +0 ring mail (worn)
 v - a +1 cloak (worn)
Jewellery
 o - a ring of protection from fire (left hand)
Scrolls
 e - 2 scrolls of identify
 g - 2 scrolls of remove curse
 p - a scroll of recharging
 q - 2 scrolls of teleportation
Potions
 b - a potion of invisibility
 d - a potion of brilliance
 f - 2 potions of heal wounds
 j - 2 potions of curing
 l - 2 potions of agility
 t - 4 potions of magic
 u - 3 potions of flight
Comestibles
 c - 2 bread rations
 n - 2 meat rations
 r - 5 fruits


   Skills:
 * Level 4.2 Fighting
 + Level 4.0 Long Blades
 + Level 0.5 Staves
 * Level 4.2 Armour
 * Level 3.3 Dodging
 + Level 0.2 Stealth


You had 5 spell levels left.
You didn't know any spells.

Dungeon Overview and Level Annotations

Branches:
Dungeon (5/15)
 Temple: D:4-7

Altars:

Portals:
Sewer: D:5

Annotations:
D:5 Grinder


Innate Abilities, Weirdness & Mutations

You have a pair of small antennae on your head.
You sometimes gain a little power by taking damage.
Your movements are slightly less encumbered by armour. (ER -2)


Message History

The giant cockroach bites you.
Grinder says, "Just stop there for a second..."
Grinder hits you but does no damage. The giant cockroach bites you.
Grinder hits you.
* * * LOW HITPOINT WARNING * * *
You writhe in agony.
* * * LOW HITPOINT WARNING * * *
The giant cockroach bites you.
* * * LOW HITPOINT WARNING * * *
Grinder hits you!
* * * LOW HITPOINT WARNING * * *
You writhe in agony.
* * * LOW HITPOINT WARNING * * *
You can move again.
You hit Grinder.
Grinder's magic leaks into the air.
Grinder is severely wounded.
Grinder hits you.
* * * LOW HITPOINT WARNING * * *
You writhe in agony.
You die...

.. ..#####..#
#.. #.#≈≈≈#..
#
#.##.#≈≈≈#.##.
#....#≈∩≈#...
...#≈≈s#.#
#.#≈Ss#.#
#.##+##.#
#...5@s.# ##
###.##### #.
#..# #. #.##
#. #.#.## #.
..###.## #.
...# ##.######
#. ....#
##.....# #.
##.. #.####.#
#.


You could see Grinder, an adder and 3 giant cockroaches.

Vanquished Creatures
  The ghost of AdmiralAndromeda the Vandal, an amateur HaHu (D:3)
  Crazy Yiuf (D:3)
  An iguana (D:3)
  2 orc wizards (D:4)
  3 worker ants (D:4)
  7 adders
  A shadow imp (D:5)
  3 oozes
  3 worms
  2 dart slugs
  A leopard gecko (D:4)
  7 orcs
  A ball python (D:2)
  7 bats
  2 giant cockroaches (D:1)
  2 goblins
  7 hobgoblins
  11 kobolds
  2 quokkas
  7 frilled lizards
  A jackal skeleton (D:4)
  5 rats
77 creatures vanquished.

Notes
Turn   | Place    | Note
-------+----------+-------------------------------------------
     0 | D:1      | troglodite the Demonspawn Berserker began the quest for the Orb.
     0 | D:1      | Reached XP level 1. HP: 18/18 MP: 1/1
   236 | D:1      | Gained mutation: You sometimes gain a little power by taking damage. [demonic ancestry]
   236 | D:1      | Reached XP level 2. HP: 24/24 MP: 2/2
   835 | D:1      | Gained mutation: Your movements are slightly less encumbered by armour. (ER -2) [demonic ancestry]
   835 | D:1      | Reached XP level 3. HP: 26/29 MP: 3/3
   941 | D:2      | Reached ** piety under Trog
  1847 | D:2      | You fall through a shaft for 2 floors!
  1859 | D:4      | Gained mutation: You have a pair of small antennae on your head. [demonic ancestry]
  1859 | D:4      | Reached XP level 4. HP: 19/35 MP: 4/4
  2325 | D:4      | Reached XP level 5. HP: 34/41 MP: 5/5
  2569 | D:3      | Noticed AdmiralAndromeda's ghost (amateur HaHu)
  3094 | D:3      | Found a runed door.
  3098 | D:3      | Noticed Crazy Yiuf
  3103 | D:3      | Killed Crazy Yiuf
  3234 | D:3      | Killed AdmiralAndromeda's ghost
  3234 | D:3      | Reached XP level 6. HP: 48/48 MP: 6/6
  4514 | D:4      | Reached *** piety under Trog
  4675 | D:5      | Entered Level 5 of the Dungeon
  4871 | D:5      | Found a glowing drain.
  4872 | D:5      | Noticed Grinder
  4880 | D:5      | Paralysed by Grinder for 7 turns
  4887 | D:5      | Slain by Grinder

Skill      XL: |  1  2  3  4  5  6 |
---------------+-------------------+-----
Dodging        | 2 3 |  3.3
Armour         | 2 3 4 |  4.2
Long Blades    | 3 4 |  4.0
Fighting       | 4 |  4.2
Staves         | |  0.5
Stealth        | |  0.2

Action                   |  1- 3 |  4- 6 || total
-------------------------+-------+-------++-------
Melee: Falchion          |   110 |    66 ||   176
       Quarterstaff      |       |    76 ||    76
Invok: Berserk           |       |     5 ||     5
  Use: Scroll            |       |    14 ||    14
 Stab: Sleeping          |     1 |       ||     1
  Eat: Chunk             |     3 |    13 ||    16
Armor: Animal skin       |     6 |       ||     6
       Ring mail         |    33 |    51 ||    84
Dodge: Dodged            |    80 |   110 ||   190
       Rpst.: Falchion   |    25 |    14 ||    39
